 Dungeon Crawl Stone Soup version 0.28-a0-643-g84cb2ea78e (webtiles) character file.

Game seed: 10843784343974643124

4813 Rennog the Fighter (level 10, -1/77 HPs)
             Began as an Octopode Fighter on Oct 11, 2021.
             Was an Initiate of Makhleb.
             Shot with an arrow by a centaur (11 damage)
             ... on level 11 of the Dungeon.
             The game lasted 00:17:10 (13064 turns).

Rennog the Fighter (Octopode Fighter)              Turns: 13064, Time: 00:17:10

Health: -1/77      AC:  1    Str: 17    XL:     10   Next: 48%
Magic:  10/10      EV: 22    Int: 11    God:    Makhleb [......]
Gold:   461        SH:  6    Dex: 19    Spells: 9/9 levels left

rFire   . . .      SeeInvis .   e - +3 hand axe
rCold   . . .      Faith    .   b - +0 buckler
rNeg    . . .      Spirit   .   (helmet restricted)
rPois   +          Reflect  .   (no amulet)
rElec   .          Harm     .   x - ring of poison resistance
rCorr   .          Rampage  .   B - +4 ring of evasion
Will    .....                   F - +6 ring of dexterity
Stlth   +++++.....              (no ring)
HPRegen 0.22/turn               (no ring)
MPRegen 0.12/turn               (no ring)
                                (no ring)
                                (no ring)

@: no status effects
A: almost no armour, amphibious, 8 rings, camouflage 1, gelatinous body 1,
(nimble swimmer 1), tentacles
a: Renounce Religion


You were on level 11 of the Dungeon.
You worshipped Makhleb.
Makhleb was noncommittal.
You visited 2 branches of the dungeon, and saw 13 of its levels.

You collected 461 gold pieces.

Inventory:

Hand Weapons
 a - a +0 rapier
 e - a +3 hand axe (weapon)
Missiles
 y - a throwing net (quivered)
Armour
 b - a +0 buckler (worn)
Jewellery
 x - a ring of poison resistance (left tentacle)
 B - a +4 ring of evasion (right tentacle)
 F - a +6 ring of dexterity (on tentacle)
Wands
 g - a wand of polymorph (5)
 A - a wand of paralysis (16)
 C - a wand of flame (44)
Scrolls
 f - 2 scrolls of teleportation
 i - 3 scrolls of amnesia {unknown}
 k - 4 scrolls of identify {unknown}
 l - 3 scrolls of vulnerability {unknown}
 m - 3 scrolls of torment {unknown}
 n - a scroll of fog {unknown}
 o - a scroll of brand weapon {unknown}
 q - 5 scrolls of fear
 r - a scroll of enchant weapon {unknown}
 t - 2 scrolls of noise {unknown}
 z - a scroll of summoning {unknown}
 D - a scroll of blinking {unknown}
 E - a scroll of holy word {unknown}
Potions
 c - 2 potions of might
 d - a potion of degeneration {unknown}
 h - 2 potions of curing {unknown}
 j - a potion of magic {unknown}
 p - a potion of cancellation {unknown}
 s - a potion of attraction {unknown}
 u - 2 potions of lignification {unknown}
 v - 2 potions of resistance {unknown}
 w - a potion of invisibility {unknown}


   Skills:
 + Level 10.3 Fighting
 - Level 2.0 Short Blades
 * Level 3.0 Axes
 + Level 7.8 Dodging
 - Level 9.0 Stealth
 - Level 6.1 Shields


You had 9 spell levels left.
You didn't know any spells.
Your spell library contained the following spells:

 Spells                   Type           Power      Damage    Failure   Level
 Animate Skeleton         Necr           0%         N/A       34%         1
 Apportation              Tloc           0%         N/A       34%         1
 Summon Small Mammal      Summ           0%         N/A       34%         1
 Corpse Rot               Necr/Air       N/A        N/A       47%         2
 Poisonous Vapours        Pois/Air       0%         N/A       47%         2
 Chain Lightning          Conj/Air       0%         N/A       100%        9
 Fire Storm               Conj/Fire      0%         5d1       100%        9
 Shatter                  Erth           0%         3d5*      100%        9


Dungeon Overview and Level Annotations

Branches:
Dungeon (12/15)            Temple (1/1) D:7
   Lair: D:8-11         Orc: D:9-12

Altars:
Ashenzari
Cheibriados
Dithmenos
Elyvilon
Fedhas
Gozag
Kikubaaqudgha
Makhleb
Nemelex Xobeh
Okawaru
Qazlal
Ru
Sif Muna
Trog
Uskayaw
Vehumet
Wu Jian
Xom
Yredelemnul
Zin

Annotations:
D:6 Maggie
D:7 1 runed translucent door, SkeletonJelly's ghost, novice TeGl
D:10 Erica; Gastronok; Snorg


Innate Abilities, Weirdness & Mutations

You cannot wear most types of armour.
You are amphibious.
You can wear up to eight rings at the same time.
Your skin changes colour to match your surroundings (Stealth+).
Your rubbery body absorbs attacks. (AC +1, EV +1)
((You are camouflaged near water. (Stealth+)))
You have tentacles for arms and can constrict up to eight enemies at once.


Message History

You block the centaur's attack. The centaur barely misses you.
The centaur shoots an arrow.
The arrow misses you.
You closely miss the centaur.
The centaur is heavily wounded.
The centaur closely misses you. You block the centaur's attack.
The centaur shoots an arrow.
You block the arrow. The centaur closely misses you.
The centaur kicks you but does no damage.
You hit the centaur.
The centaur is severely wounded.
The centaur misses you. x2
An acid dragon comes into view.
The centaur misses you. The centaur completely misses you.
You hit the centaur but do no damage.
The centaur is severely wounded.
The centaur misses you. x2; The centaur shoots an arrow.
The arrow misses you.
The shadow slips into darkness.
The shadow flickers and vanishes!
Deactivating autopickup; reactivate with Ctrl-A.
You block the centaur's attack. The centaur kicks you.
You hear a shout!
The centaur shoots an arrow.
The arrow misses you.
The centaur wields a +3 shortbow.
The centaur shoots an arrow.
The arrow hits you!
The centaur shoots an arrow.
The arrow completely misses you.
The centaur shoots an arrow.
The arrow completely misses you.
You hear a roar!
The centaur shoots an arrow.
The arrow hits you!
The centaur shoots an arrow.
The arrow closely misses you.
The centaur shoots an arrow.
You block the arrow.
The centaur shoots an arrow.
The arrow hits you!
A six-headed hydra comes into view.
The centaur shoots an arrow.
The arrow misses you.
The centaur shoots an arrow.
The arrow hits you!
The centaur shoots an arrow.
The arrow hits you!
* * * LOW HITPOINT WARNING * * *
The centaur shoots an arrow.
The arrow hits you!
* * * LOW HITPOINT WARNING * * *
The centaur shoots an arrow.
The arrow closely misses you.
The centaur shoots an arrow.
The arrow hits you!
You die...

# ###### .. #...... ..### #......
...... .....#############......
...... #...............≈≈≈≈≈
...... #..#@.....#####≈≈≈≈≈≈
#..... #....####.# #≈≈≈≈≈
#.....#######.#.####.#######≈≈†#
. ........c..c................≈..
.###.##.D####..###...........####
........D...c................# #
#.#####D#####.###...^........# #
..# #.....# ##..#.............. #
#..##c##..# #...#.......###'###.#


You could see 2 centaurs.

Vanquished Creatures
  A two-headed ogre (D:11)
  Pikel (D:6)
  A wraith (D:11)
  2 shadows
  A basilisk (D:11)
  A steam dragon (D:7)
  Menkaure (D:5)
  2 water moccasins
  3 orc warriors
  A black bear (D:7)
  An ice beast (D:6)
  A necrophage (D:6)
  5 centaurs
  3 kobold brigands
  Blork the orc (D:4)
  2 bullfrogs
  2 scorpions
  5 killer bees (D:8)
  An electric eel (D:11)
  2 centaur zombies
  2 bullfrog zombies
  4 jellies
  A hound (D:5)
  3 orc priests
  5 iguanas
  Jessica (D:2)
  7 orc wizards
  A killer bee zombie (D:8)
  A howler monkey zombie (D:8)
  Robin (D:4)
  A gnoll (D:1)
  4 adders
  2 shadow imps
  2 white imps
  An adder skeleton (D:4)
  2 worms
  2 dart slugs
  13 orcs
  5 ball pythons
  2 endoplasms (D:3)
  2 giant cockroaches
  21 goblins
  10 hobgoblins
  8 jackals
  15 kobolds
  A quokka (D:1)
  8 bats
  A frilled lizard (D:1)
  4 rats
167 creatures vanquished.

Vanquished Creatures (others)
  An orc warrior (D:11)
  11 fungi (D:6)
  31 plants
  5 toadstools (D:6)
  4 withered plants (D:8)
52 creatures vanquished.

Grand Total: 219 creatures vanquished

Notes
Turn   | Place    | Note
-------+----------+-------------------------------------------
     0 | D:1      | Rennog the Octopode Fighter began the quest for the Orb.
     0 | D:1      | Reached XP level 1. HP: 16/16 MP: 1/1
   165 | D:1      | Reached XP level 2. HP: 21/21 MP: 2/2
   262 | D:1      | Reached skill level 1 in Stealth
   493 | D:1      | Reached XP level 3. HP: 26/26 MP: 3/3
   807 | D:2      | Noticed Jessica
   812 | D:2      | Killed Jessica
   813 | D:2      | Reached XP level 4. HP: 29/33 MP: 4/4
  1227 | D:2      | Reached skill level 4 in Fighting
  1407 | D:2      | Found a faded altar of an unknown god.
  2384 | D:4      | Reached XP level 5. HP: 36/37 MP: 5/5
  2474 | D:4      | Noticed Blork the orc
  2479 | D:4      | Killed Blork the orc
  2553 | D:4      | Noticed Robin
  2558 | D:4      | Reached XP level 6. HP: 27/44 MP: 6/6
  2572 | D:4      | Killed Robin
  2888 | D:4      | Identified the +5 ring mail of Birdsong {rPois rN+ Stlth-}
  3049 | D:4      | Reached skill level 5 in Fighting
  3666 | D:5      | Entered Level 5 of the Dungeon
  3793 | D:5      | Noticed a water moccasin
  3807 | D:5      | Killed a water moccasin
  3808 | D:5      | Reached XP level 7. HP: 37/50 MP: 7/7
  4379 | D:5      | Noticed Menkaure
  4434 | D:6      | Noticed Pikel
  4640 | D:5      | Killed Menkaure
  4641 | D:5      | Reached skill level 6 in Fighting
  4641 | D:5      | Reached skill level 5 in Stealth
  5000 | D:5      | Reached XP level 8. HP: 44/57 MP: 8/8
  5475 | D:6      | Reached skill level 5 in Dodging
  5475 | D:6      | Reached skill level 5 in Shields
  5489 | D:6      | Killed Pikel
  5490 | D:6      | Reached skill level 7 in Fighting
  5662 | D:6      | Reached XP level 9. HP: 35/65 MP: 9/9
  5887 | D:6      | Found a basalt altar of Yredelemnul.
  5892 | D:6      | Noticed Maggie
  6096 | D:6      | HP: 3/66 [orc warrior (21)]
  6469 | D:6      | Reached skill level 8 in Fighting
  6783 | D:7      | Found a staircase to the Ecumenical Temple.
  6789 | Temple   | Entered the Ecumenical Temple
  6867 | Temple   | Became a worshipper of Makhleb the Destroyer
  7630 | D:7      | Found an ornate altar of the Wu Jian Council.
  7873 | D:7      | Found a shimmering altar of Xom.
  7873 | D:7      | Found a shimmering altar of Xom.
  8208 | D:7      | Found a snail-covered altar of Cheibriados.
  8210 | D:7      | Found a runed translucent door.
  8211 | D:7      | Noticed SkeletonJelly's ghost (novice TeGl)
  8246 | D:7      | Noticed a mana viper
  8333 | D:7      | Noticed a sea snake
  8334 | D:7      | Noticed a harpy
  8669 | D:8      | Reached skill level 9 in Fighting
  8903 | D:8      | Found an ancient bone altar of Kikubaaqudgha.
  8930 | D:8      | Found a broken altar of Ashenzari.
 10024 | D:9      | Reached XP level 10. HP: 45/74 MP: 10/10
 10156 | D:9      | Found an iron altar of Okawaru.
 10705 | D:9      | Found a blossoming altar of Fedhas.
 11434 | D:10     | Entered Level 10 of the Dungeon
 11438 | D:10     | Found a bloodstained altar of Trog.
 11733 | D:10     | Noticed Snorg
 11816 | D:10     | Noticed Erica
 11845 | D:10     | Reached skill level 10 in Fighting
 12013 | D:10     | Noticed Gastronok
 12094 | D:11     | Noticed a two-headed ogre
 12111 | D:11     | Noticed a four-headed hydra
 12116 | D:11     | Noticed a black mamba
 12116 | D:11     | Noticed a deep elf pyromancer
 12116 | D:11     | Noticed an ogre mage
 12120 | D:11     | Noticed a brown ugly thing
 12148 | D:11     | HP: 1/76 [electric eel/bolt of electricity (12)]
 12554 | D:11     | Killed a two-headed ogre
 13044 | D:11     | Noticed a brown ugly thing
 13060 | D:11     | Noticed a six-headed hydra
 13064 | D:11     | Shot with an arrow by a centaur

Illustrated notes

Levels and vault maps discovered:
D:1:      shiori_shiawase, layout_loops_ring, hangedman_decor_push
D:2:      layout_basic, dilly_ecumenical_altar_fadedgnrine, serial_park_tiny_1,
          serial_park_tiny_2, uniq_jessica
D:3:      layout_basic, dk_noncrumbling_3, minmay_misc_feat_four_crosses
D:4:      kennysheep_the_goblin_king, layout_gridville, serial_co_window_serial,
          co_window_paths_b, co_window_paths_a, co_window_of_opportunity_a,
          co_window_paths_a, co_window_of_opportunity_a, co_window_corner_b,
          co_window_corner_b, co_window_2corner, co_window_2corner,
          co_window_4corner_b, glass_columns_a, glass_columns_a,
          hangedman_decor_growths, uniq_robin, uniq_blork_the_orc
D:5:      layout_gridville, hangedman_decor_lopped, minivault_4,
          amcnicky_mini_corridor_feature, uniq_menkaure
D:6:      layout_basic, mainiacjoe_overflow_cross_hatched,
          minmay_gold_behind_fungi, uniq_edmund, uniq_maggie, uniq_pikel
D:7:      layout_basic, nicolae_wu_jian_wuxing_cycle, cheibriados_altar_1,
          xom_shifter_show, minmay_temple_entry_gardened_gates,
          ebering_ghost_reflecting_pool
D:8:      layout_loops_cross, kiku_gazebo_garden_becter,
          nicolae_ashenzari_panopticon, hangedman_decor_peaks_small
D:9:      layout_irregular_city, mainiacjoe_overflow_concentric_impassable,
          tso_oasis_becter, mainiacjoe_overflow_24_doors, david_lair_shrubbed
D:10:     layout_roguey, mainiacjoe_overflow_catwalk, lemuel_tele_altar,
          serial_shops, nicolae_shop_waterfront, uniq_erica, uniq_gastronok,
          uniq_snorg
D:11:     minmay_the_grid_square_5x5_4x4 [minmay_the_grid_square_5x5_bracketed,
          minmay_the_grid_square_5x5_inset,
          minmay_the_grid_square_5x5_hollow_slash,
          minmay_the_grid_square_5x5_n_small, minmay_the_grid_square_5x5_lines,
          minmay_the_grid_square_5x5_prize_deathbox,
          minmay_the_grid_square_5x5_prize_junk,
          minmay_the_grid_square_5x5_two_small,
          minmay_the_grid_square_5x5_inner_v,
          minmay_the_grid_square_5x5_prize_open,
          minmay_the_grid_square_5x5_prize_monsterx,
          minmay_the_grid_square_5x5_minimal, minmay_the_grid_square_5x5_slash,
          minmay_the_grid_square_5x5_fancy_junction,
          minmay_the_grid_square_5x5_sharp_hourglass,
          minmay_the_grid_square_5x5_c], layout_basic
D:12:     layout_rooms, david_orc_3, nicolae_qazlal_scattered_showers
Temple:   jpeg_temple_clearing

Skill      XL: |  1  2  3  4  5  6  7  8  9 10 |
---------------+-------------------------------+-----
Stealth        | 1 2 3 4 5 7 9 |  9.0
Fighting       | 4 5 6 7 9 10 | 10.3
Dodging        | 4 5 7 |  7.8
Shields        | 4 5 6 |  6.1
Axes           | 3 |  3.0
Short Blades   | |  2.0

Action                   |  1- 3 |  4- 6 |  7- 9 | 10-12 || total
-------------------------+-------+-------+-------+-------++-------
Melee: Hand axe          |    25 |   102 |   226 |   104 ||   457
       Rapier            |     2 |       |       |       ||     2
       Constrict         |     4 |    29 |    40 |    13 ||    86
       Tentacles         |     3 |    23 |    57 |    29 ||   112
Evoke: Wand              |       |       |       |     4 ||     4
  Use: Potion            |       |       |     1 |       ||     1
       Scroll            |       |       |       |     6 ||     6
 Stab: Sleeping          |     5 |    13 |     6 |     3 ||    27
       Paralysed         |       |       |       |     8 ||     8
       Distracted        |       |       |       |     1 ||     1
Armor: Skin              |     2 |     6 |    18 |     3 ||    29
Dodge: Dodged            |    11 |    59 |   222 |    93 ||   385
Block: Buckler           |    10 |    22 |    84 |    29 ||   145

Table legend: (Time is in decaauts)
 A = Elapsed time spent in this place.
 B = Non-inter-level travel time spent in this place.
 C = Inter-level travel time spent in this place.
 D = Time resting spent in this place.
 E = Time spent auto-exploring this place.
 F = Levels seen in this place.
 G = Mean time per level.
                   A        B        C        D        E       F      G
               +--------+--------+--------+--------+--------+-----+--------+
         Total |  13205 |  12610 |    595 |   2415 |   8463 |  13 | 1015.8 |
       Dungeon |  13116 |  12536 |    580 |   2415 |   8401 |  12 | 1093.0 |
        Temple |     89 |     74 |     15 |      0 |     62 |   1 |   89.0 |
               +--------+--------+--------+--------+--------+-----+--------+

Top non-repeatable levels by time:
     D:5: 1824 daAuts
     D:7: 1724 daAuts
     D:6: 1702 daAuts
     D:9: 1462 daAuts
     D:4: 1305 daAuts
     D:8: 1054 daAuts
    D:11: 1037 daAuts
     D:3: 923 daAuts
     D:1: 814 daAuts
     D:2: 659 daAuts
    D:10: 591 daAuts
  Temple: 89 daAuts
    D:12: 15 daAuts
